 Dungeon Crawl Stone Soup version 0.17.1-1-g73c8601 (webtiles) character file.

273 seyes the Twirler (level 6, 44/44 HPs)
             Began as a Demonspawn Gladiator on July 23, 2016.
             Quit the game on level 3 of the Dungeon.
             The game lasted 00:14:21 (2797 turns).

seyes the Twirler (Demonspawn Gladiator)            Turns: 2797, Time: 00:14:21

Health: 44/44      AC:  5    Str: 16    XL:     6   Next: 2%
Magic:  6/6        EV: 13    Int:  9    God:
Gold:   85         SH:  0    Dex: 15    Spells: 0 memorised, 5 levels left

rFire  . . .     SeeInvis .     i - +0 quarterstaff
rCold  . . .     Clarity  .     b - +0 leather armour
rNeg   . . .     SustAt   .     (shield currently unavailable)
rPois  .         Gourm    .     c - +0 helmet
rElec  .         Spirit   +     (no cloak)
rCorr  .         Warding  .     (no gloves)
rMut   .         Stasis   .     (no boots)
MR     .....                    h - amulet of rage
Stlth  +.........               (no ring)
                                (no ring)

@: not resistant to hostile enchantments, very unstealthy
A: claws 1, molten scales 1, magic shield
a: Evoke Berserk Rage


You were on level 3 of the Dungeon.
You were not hungry.

You visited 1 branch of the dungeon, and saw 3 of its levels.

You collected 85 gold pieces.

Inventory:

Hand Weapons
 i - a +0 quarterstaff (weapon)
Missiles
 d - 3 throwing nets
 g - 72 stones (quivered)
 j - 4 tomahawks of returning
 l - 13 poisoned needles
 w - 11 sling bullets
 x - 2 tomahawks
Armour
 b - a +0 leather armour (worn)
 c - a +0 helmet (worn)
 y - a +0 scale mail of cold resistance
 D - a fire dragon hide
Jewellery
 h - an amulet of rage (around neck)
 p - an uncursed amulet of resist mutation
Wands
 o - a wand of magic darts (11)
 t - a wand of teleportation (6)
 B - a wand of confusion (0)
Scrolls
 a - 2 scrolls of immolation
 f - 2 scrolls of identify
 k - 4 scrolls of teleportation {unknown}
 v - a scroll of enchant weapon {unknown}
 z - a scroll of random uselessness {unknown}
 A - a scroll of amnesia {unknown}
 C - a scroll of magic mapping {unknown}
Potions
 m - 2 potions of heal wounds {unknown}
 n - a potion of haste {unknown}
 r - 3 potions of lignification {unknown}
 E - a potion of ambrosia {unknown}
Comestibles
 e - 3 bread rations
 q - a meat ration
 s - 6 fruits
 u - 7 chunks of flesh


   Skills:
 - Level 2.0 Fighting
 + Level 5.0 Staves
 + Level 3.7 Throwing
 - Level 0.1 Armour
 - Level 2.8 Dodging


You had 5 spell levels left.
You didn't know any spells.

Dungeon Overview and Level Annotations

Branches:
Dungeon (3/15)

Altars:


Innate Abilities, Weirdness & Mutations

You have sharp fingernails.
You are partially covered in molten scales (AC +1).
When hurt, damage is shared between your health and your magic reserves.


Message History

You closely miss Jessica. Jessica barely misses you.
You hit Jessica.
Jessica is heavily wounded.
Jessica hits you but does no damage.
You hit Jessica.
Jessica is severely wounded.
Jessica barely misses you.
You sock Jessica!
You kill Jessica!
Your Staves skill increases to level 5!
You have reached level 6!
Your experience leads to an increase in your attributes!
Increase (S)trength, (I)ntelligence, or (D)exterity?
You feel agile.
Your demonic ancestry asserts itself...
Your fingernails lengthen.
Unknown command.
Unknown command.
Drink which item? (? for menu, Esc to quit)
Okay, then.
Unknown command.
Are you sure you want to abandon this character and quit the game? (Confirm with "yes".)

#.##.### #.#
#..รท...######
#.#
####..###....
#.# #..# #....
#.# #..# #....
#.# #..# #....
#.# #..# #....
#)#
#..###....##.#
........)@..#
###....####
#.... #####


There were no monsters in sight!

Vanquished Creatures
  Ijyb (D:3)
  Jessica (D:3)
  Terence (D:2)
  Natasha (thrice) (D:3)
  Robin (D:3)
  4 adders
  An ooze (D:3)
  3 worms
  12 orcs (D:3)
  A ball python (D:2)
  7 giant cockroaches
  5 hobgoblins
  2 jackals (D:3)
  8 kobolds
  A quokka (D:2)
  11 bats
  3 giant newts
  19 goblins
  6 rats
90 creatures vanquished.

Notes
Turn   | Place    | Note
--------------------------------------------------------------
     0 | D:1      | seyes the Demonspawn Gladiator began the quest for the Orb.
     0 | D:1      | Reached XP level 1. HP: 16/16 MP: 1/1
   362 | D:1      | Reached skill level 3 in Staves
   362 | D:1      | Gained mutation: You are partially covered in molten scales (AC +1). [demonic ancestry]
   362 | D:1      | Reached XP level 2. HP: 22/22 MP: 2/2
   867 | D:2      | Noticed Terence
   883 | D:2      | Killed Terence
   883 | D:2      | Reached XP level 3. HP: 14/27 MP: 3/3
  1292 | D:2      | Gained mutation: When hurt, damage is shared between your health and your magic reserves. [demonic ancestry]
  1292 | D:2      | Reached XP level 4. HP: 26/33 MP: 4/4
  1647 | D:2      | Reached skill level 4 in Staves
  2181 | D:3      | Reached XP level 5. HP: 33/38 MP: 5/5
  2225 | D:3      | Noticed Natasha
  2237 | D:3      | Killed Natasha
  2305 | D:3      | Noticed Natasha
  2311 | D:3      | Noticed Robin
  2311 | D:3      | Killed Natasha
  2331 | D:3      | Killed Robin
  2399 | D:3      | Noticed Natasha
  2406 | D:3      | Killed Natasha
  2511 | D:3      | Noticed Ijyb
  2610 | D:3      | Killed Ijyb
  2790 | D:3      | Noticed Jessica
  2796 | D:3      | Killed Jessica
  2796 | D:3      | Reached skill level 5 in Staves
  2796 | D:3      | Gained mutation: You have sharp fingernails. [demonic ancestry]
  2796 | D:3      | Reached XP level 6. HP: 44/44 MP: 6/6
  2797 | D:3      | Quit the game

Action                   |  1- 3 |  4- 6 || total
-------------------------+-------+-------++-------
Melee: Quarterstaff      |    82 |   157 ||   239
Throw: Stone             |    27 |    52 ||    79
 Abil: Evoke Berserk Rag |     1 |     3 ||     4
Evoke: Wand              |       |     2 ||     2
  Use: Scroll            |     2 |     1 ||     3
 Stab: Confused          |       |     3 ||     3
  Eat: Chunk             |     2 |     7 ||     9
